 Dungeon Crawl Stone Soup version 0.31.0-9-g3a7656b989 (webtiles) character file.

Game seed: 14923501034893776859

117 qw the Ducker (level 4, -2/22 HPs)
             Began as a Spriggan Hunter on Feb 2, 2024.
             Incinerated by a bombardier beetle (5 damage)
             ... with a burning spray
             ... on level 2 of the Dungeon.
             The game lasted 00:00:05 (1189 turns).

qw the Ducker (Spriggan Hunter)                     Turns: 1189, Time: 00:00:05

Health: -2/22      AC:  2    Str:  6 (7)  XL:     4   Next: 71%
Magic:  5/5        EV: 35    Int:  9 (10) God:
Gold:   104        SH:  0    Dex: 20      Spells: 3/3 levels left

rFire   . . .        a - +0 shortbow
rCold   . . .        (shield currently unavailable)
rNeg    . . .        c - +0 robe
rPois   .            (helmet restricted)
rElec   .            (no cloak)
rCorr   .            (gloves unavailable)
SInv    +            (boots unavailable)
Will    .....        g - amulet of the acrobat
Stlth   +            (no ring)
HPRegen 0.23/turn    (no ring)
MPRegen 0.09/turn

%: acrobat
@: on fire, acrobatic, glowing, very quick
A: very small, no large weapons, unfitting armour, see invisible, speed 3
a: no special abilities


You were on level 2 of the Dungeon.
You visited 1 branch of the dungeon, and saw 2 of its levels.

You collected 104 gold pieces.


Innate Abilities, Weirdness & Mutations

You are very small and have problems with some larger weapons.
You are too small for most types of armour.
You have supernaturally acute eyesight. (SInv)
You cover ground extremely quickly. (Speed+++)


   Skills:
 + Level 1.5 Fighting
 - Level 5.0 Ranged Weapons
 - Level 5.2 Dodging
 - Level 1.5 Stealth


You had 3 spell levels left.
You didn't know any spells.
Your spell library was empty.

Inventory:

Hand Weapons
 a - a +0 shortbow (weapon)
Armour
 c - a +0 robe (worn)
Jewellery
 g - an amulet of the acrobat (around neck)
Scrolls
 b - a scroll of identify {unknown}
 e - a scroll of blinking {unknown}
 f - a scroll of teleportation {unknown}
 i - a scroll of revelation {unknown}
Potions
 d - a potion of invisibility {unknown}
 j - a potion of ambrosia {unknown}

Dungeon Overview and Level Annotations

Branches:
Dungeon (2/15)

Altars:

Shops:
D:2 *


Message History

You shoot an arrow. The arrow hits the bombardier beetle.
The bombardier beetle is almost dead.
The bombardier beetle sprays incendiary fluid at you.
The burning spray hits you.
You are covered in liquid fire!
You shoot an arrow.
The arrow hits the bombardier beetle but does no damage.
The bombardier beetle is almost dead.
The liquid fire burns you! The bombardier beetle bites you.
1182 ||| DRINKING 2 potions of heal wounds.
You feel much better. The liquid fire burns you!
You shoot an arrow. The arrow hits the bombardier beetle.
The bombardier beetle is almost dead.
The liquid fire burns you!
The bombardier beetle sprays incendiary fluid at you.
The burning spray hits you.
You are even more covered in liquid fire!
You shoot an arrow.
The arrow barely misses the bombardier beetle.
The liquid fire burns you!
The bombardier beetle completely misses you.
1185 ||| DRINKING potion of heal wounds.
You feel much better. The liquid fire burns you!
You shoot an arrow.
The arrow completely misses the bombardier beetle.
The liquid fire burns you!
The bombardier beetle bites you but does no damage.
You shoot an arrow. The arrow hits the bombardier beetle!
You kill the bombardier beetle!
The liquid fire burns you!
You feel your intelligence returning.
You feel your dexterity returning.
Your Dodging skill increases to level 5!
You are on fire!
The liquid fire burns you!
You are on fire!
The liquid fire burns you!
You die...

#####...##......#
...>......##.###...#
#######.#.##.# ..#
#.#.##.## #
#.#.#...###..#
#............#
###.#...####.#
#.##.## # #@#
#..).).....#
#..#........
#..#######.. #$# ##
#.# .##### ## .....#
####..#


There were no monsters in sight!

Vanquished Creatures
  A bombardier beetle (D:2)
  Natasha (D:1)
  An adder (D:2)
  2 dart slugs (D:1)
  A ribbon worm (D:2)
  5 bats
  An endoplasm (D:1)
  4 goblins
  5 hobgoblins
  4 jackals (D:1)
  3 quokkas
  3 ball pythons (D:1)
  4 frilled lizards
  8 kobolds
  6 rats
49 creatures vanquished.

Notes
Turn   | Place    | Note
-------+----------+-------------------------------------------
     0 | D:1      | qw the Spriggan Hunter began the quest for the Orb.
     0 | D:1      | Reached XP level 1. HP: 10/10 MP: 2/2
     0 | D:1      | 0 ||| qw: Version: 0.3-a-155-g5e7d8dd
     0 | D:1      | 0 ||| qw: Game counter: 2372
     0 | D:1      | 0 ||| qw: Melee chars always use a shield: true
     0 | D:1      | 0 ||| qw: God list: Okawaru
     0 | D:1      | 0 ||| qw: Allow faded altars: false
     0 | D:1      | 0 ||| qw: Do Orc after clearing Dungeon:15 true
     0 | D:1      | 0 ||| qw: Do second Lair branch before Depths: true
     0 | D:1      | 0 ||| qw: Lair rune preference: random
     0 | D:1      | 0 ||| qw: Goals: Normal
     0 | D:1      | 0 ||| PLANNING D:1-11
    30 | D:1      | Reached skill level 3 in Dodging
    65 | D:1      | Found a faded altar of an unknown god.
    84 | D:1      | Reached XP level 2. HP: 14/14 MP: 3/3
   255 | D:1      | Reached XP level 3. HP: 18/18 MP: 4/4
   880 | D:1      | 880 ||| UPGRADING to amulet of the acrobat.
   885 | D:1      | 885 ||| READING scroll labelled IBLOPA EGRORI.
   886 | D:1      | 886 ||| READING 2 scrolls labelled HANOKU OTSESY.
   887 | D:1      | 887 ||| DRINKING 2 purple potions.
   888 | D:1      | 888 ||| DRINKING 3 inky potions.
   889 | D:1      | 889 ||| DROPPING scroll of butterflies.
   890 | D:1      | 890 ||| DROPPING potion of degeneration.
   891 | D:1      | 891 ||| DROPPING scroll of amnesia.
   914 | D:2      | Noticed Natasha
   917 | D:2      | 917 ||| STAIRDANCE
   922 | D:1      | Killed Natasha
   974 | D:2      | Reached XP level 4. HP: 22/22 MP: 5/5
  1094 | D:2      | Found Nyimo's Assorted Antiques.
  1181 | D:2      | HP: 5/22 [burnt (5)]
  1182 | D:2      | 1182 ||| DRINKING 2 potions of heal wounds.
  1184 | D:2      | HP: 2/22 [burnt (6)]
  1185 | D:2      | 1185 ||| DRINKING potion of heal wounds.
  1189 | D:2      | Incinerated by a bombardier beetle

Levels and vault maps discovered:
D:1:      minmay_arrival_four_loops, layout_basic,
          nicolae_ecumenical_snake_handling, minmay_tetromino_t2
D:2:      layout_loops_ring, serial_shops, nicolae_shop_statue_plus,
          minmay_close_crescents, uniq_crazy_yiuf_cottage, uniq_terence,
          uniq_natasha

Skill      XL: |  1  2  3  4 |
---------------+-------------+-----
Dodging        | 3 4 5 |  5.2
Ranged Weapons | 5 |  5.0
Fighting       | |  1.5
Stealth        | |  1.5

Action                     |  1- 3 |  4- 6 || total
---------------------------+-------+-------++-------
   Fire: Shortbow          |    98 |    48 ||   146
    Use: Potion            |     2 |     2 ||     4
         Scroll            |     2 |       ||     2
 Armour: Robe              |    13 |     7 ||    20
  Dodge: Dodged            |    32 |    16 ||    48

Table legend:
 A = Non-vault XP
 B = Vault XP
 C = Vault XP percentage of total XP
 D = Non-vault monster count
 E = Vault monster count
 F = Vault count percentage of total count
                 A         B        C        D         E       F
            +---------+---------+-------+---------+---------+-------
      Total |     126 |      42 |  25.0 |      45 |       4 |   8.2
            +---------+---------+-------+---------+---------+-------
        D:1 |      57 |      37 |  39.4 |      34 |       2 |   5.6
        D:2 |      69 |       5 |   6.8 |      11 |       2 |  15.4
            +---------+---------+-------+---------+---------+-------
